 Dungeon Crawl Stone Soup version 0.18.1-47-g9310371 (console) character file.

1334 Kloppie the Poker (level 8, -7/51 HPs)
             Began as a Gargoyle Gladiator on June 15, 2016.
             Killed by divine providence
             ... invoked by an orc priest
              (10 damage)
             ... on level 5 of the Dungeon.
             The game lasted 00:10:05 (5430 turns).

Kloppie the Poker (Gargoyle Gladiator)              Turns: 5430, Time: 00:10:05

Health: -7/51      AC: 19    Str: 24    XL:     8   Next: 61%
Magic:  8/8        EV: 17    Int:  9    God:
Gold:   115        SH:  0    Dex: 17    Spells: 0 memorised, 7 levels left

rFire  + + +     SeeInvis .     a - +0 trident
rCold  . . .     Gourm    .     b - +2 ring mail {rF+}
rNeg   + . .     Faith    .     (no shield)
rPois  ∞         Spirit   .     c - +0 helmet
rElec  +         Dismiss  .     o - +0 cloak
rCorr  +         Reflect  .     p - +0 pair of gloves
SustAt .         Harm     .     h - +1 pair of boots
MR     .....                    u - amulet of Suspected Treachery {RegenMP rF++}
Stlth  ++........               i - ring of wizardry
                                n - ring of resist corrosion

@: mighty, agile, not resistant to hostile enchantments, unstealthy
A: negative energy resistance 1, electricity resistance, unbreathing,
petrification resistance, rot immunity, AC +5
a: no special abilities


You were on level 5 of the Dungeon.
You were not hungry.

You visited 1 branch of the dungeon, and saw 5 of its levels.
You also visited: Ossuary.

You collected 392 gold pieces.
You spent 277 gold pieces at shops.

Inventory:

Hand Weapons
 a - a +0 trident (weapon)
Missiles
 d - a throwing net (quivered)
Armour
 b - a +2 ring mail of fire resistance (worn)
 c - a +0 helmet (worn)
 h - a +1 pair of boots (worn)
 o - a +0 cloak (worn)
 p - a +0 pair of gloves (worn)
Jewellery
 i - a ring of wizardry (right hand)
 n - a ring of resist corrosion (left hand)
 r - a +3 amulet of reflection
 u - the amulet of Suspected Treachery (around neck) {RegenMP rF++}
   (You found it on level 5 of the Dungeon)

   [amulet of magic regeneration]

   It increases your magic regeneration.
   It greatly protects you from fire.
Scrolls
 e - 2 scrolls of identify
 g - a scroll of teleportation
 q - a scroll of noise
 t - 2 scrolls of remove curse
 v - 2 scrolls of fog
 w - a scroll of fear {unknown}
Potions
 m - a potion of cancellation
Comestibles
 f - 4 bread rations
 j - a beef jerky
 k - 6 fruits
 x - 2 meat rations
 z - 7 chunks of flesh


   Skills:
 + Level 6.2 Fighting
 * Level 7.1 Polearms
 - Level 1.7 Throwing
 + Level 5.1 Armour
 - Level 2.4 Dodging


You had 7 spell levels left.
You didn't know any spells.

Dungeon Overview and Level Annotations

Branches:
Dungeon (5/15)
 Temple: D:4-7

Altars:

Shops:
D:4 (?=[[

Annotations:
D:2 Sigmund


Innate Abilities, Weirdness & Mutations

You are resistant to torment.
Your stone body is resilient (AC +5).
You are immune to poison.
You resist negative energy.
You are resistant to electric shocks.
You can survive without breathing.
You are immune to petrification.
You are immune to rotting.


Message History

* * * LOW HITPOINT WARNING * * *
You hit the orc warrior.
The orc warrior is lightly wounded.
The orc warrior closely misses you.
You hit the orc warrior.
The orc warrior is moderately wounded.
The orc warrior misses you.
You hit the orc warrior.
The orc warrior is heavily wounded.
The orc warrior completely misses you.
You puncture the orc warrior!
The orc warrior is almost dead.
The orc warrior completely misses you.
You puncture the orc warrior!
You kill the orc warrior!
Your Polearms skill increases to level 7!
You closely miss the orc.
The orc priest calls down the wrath of Beogh upon you.
Beogh smites you!
You die...

.... .... ## ... ... .[ ###...
##.# .###... #..#
..###...#####.#
.........@oZ.o##
##..###########..## #..# ##..#
##.# #####Z##
##..###########......##
#..#..................##
##......................##
##........................###
##...........................##


You could see an orc priest, an orc and a quokka skeleton.

Vanquished Creatures
  Menkaure (D:4)
  Duvessa (D:4)
  An orc warrior (D:5)
  An ogre (D:3)
  A phantom (D:4)
  2 elf zombies (Ossuary)
  Dowan (D:4)
  2 orc priests
  2 human zombies (Ossuary)
  6 orc wizards
  4 worker ants
  A big kobold zombie (Ossuary)
  2 mummies (Ossuary)
  7 adders
  3 gnolls (D:4)
  An adder zombie (Ossuary)
  3 worms
  4 dart slugs
  3 giant geckos
  17 orcs
  2 ball pythons
  5 giant cockroaches
  7 goblins
  7 hobgoblins
  4 jackals (D:1)
  5 kobolds
  4 quokkas
  5 bats
  5 giant newts
  A goblin zombie (Ossuary)
  10 hobgoblin zombies (Ossuary)
  A jackal zombie (Ossuary)
  9 kobold zombies (Ossuary)
  7 orc zombies (Ossuary)
  5 rats
  3 rat zombies (Ossuary)
143 creatures vanquished.

Notes
Turn   | Place    | Note
--------------------------------------------------------------
     0 | D:1      | Kloppie the Gargoyle Gladiator began the quest for the Orb.
     0 | D:1      | Reached XP level 1. HP: 12/12 MP: 1/1
    49 | D:1      | Reached skill level 3 in Polearms
    65 | D:1      | Reached XP level 2. HP: 12/17 MP: 2/2
   796 | D:1      | Reached XP level 3. HP: 20/22 MP: 3/3
   805 | D:1      | Reached skill level 1 in Armour
  1140 | D:2      | Reached XP level 4. HP: 28/28 MP: 4/4
  1200 | D:2      | Noticed Sigmund
  1638 | D:3      | Reached skill level 4 in Polearms
  1645 | D:3      | Reached XP level 5. HP: 29/32 MP: 5/5
  2238 | D:3      | Noticed an ogre
  2376 | D:3      | Killed an ogre
  2376 | D:3      | Reached XP level 6. HP: 22/38 MP: 6/6
  2804 | D:4      | Found Wumur's Antique Armour Emporium.
  2810 | D:4      | Bought a pair of embroidered boots for 112 gold pieces
  2851 | D:4      | Reached skill level 5 in Polearms
  2870 | D:4      | Bought a runed ring mail for 100 gold pieces
  2907 | D:4      | Found Til Dixococ's Armour Shoppe.
  2918 | D:4      | Found a sand-covered staircase.
  2927 | Ossuary  | Entered an ossuary
  3150 | Ossuary  | Reached XP level 7. HP: 16/44 MP: 7/7
  3473 | Ossuary  | Reached skill level 5 in Fighting
  3585 | D:4      | Noticed Duvessa
  3613 | D:4      | Killed Duvessa
  3614 | D:4      | Noticed Dowan
  3629 | D:4      | Killed Dowan
  3629 | D:4      | Reached skill level 6 in Polearms
  3990 | D:4      | Noticed Menkaure
  3990 | D:4      | Reached XP level 8. HP: 50/50 MP: 8/8
  4029 | D:4      | Killed Menkaure
  4373 | D:4      | Found Ceutiuj's Jewellery Shoppe.
  4375 | D:4      | Found Doxeynuk's Magic Scroll Emporium.
  4381 | D:4      | Bought a cursed ring of teleportation for 45 gold pieces
  4384 | D:4      | Bought a scroll of identify for 20 gold pieces
  4454 | D:4      | Found Ciudirec's Weapon Emporium.
  5280 | D:5      | Entered Level 5 of the Dungeon
  5292 | D:5      | Got a brightly glowing tin amulet
  5293 | D:5      | Identified the amulet of Suspected Treachery {RegenMP rF++} (You found it on level 5 of the Dungeon)
  5406 | D:5      | Reached skill level 5 in Armour
  5424 | D:5      | HP: 2/51 [orc warrior/dire flail (1)]
  5429 | D:5      | Reached skill level 7 in Polearms
  5430 | D:5      | Killed from afar by an orc priest

Skill      XL: |  1  2  3  4  5  6  7  8 |
---------------+-------------------------+-----
Polearms       | 3 4 5 6 7 |  7.1
Armour         | 1 2 3 4 5 |  5.1
Fighting       | 3 4 5 6 |  6.2
Throwing       | |  1.7
Dodging        | |  2.4

Action                   |  1- 3 |  4- 6 |  7- 9 || total
-------------------------+-------+-------+-------++-------
Melee: Trident           |   172 |   320 |   281 ||   773
Throw: Throwing net      |       |     4 |     3 ||     7
  Use: Scroll            |       |     7 |     5 ||    12
       Potion            |       |     2 |     3 ||     5
 Stab: Sleeping          |       |     3 |       ||     3
       Held in net/web   |       |       |     2 ||     2
  Eat: Chunk             |     1 |     6 |     2 ||     9
       Meat ration       |       |       |     1 ||     1
       Bread ration      |       |       |     1 ||     1
Armor: Leather armour    |    85 |    31 |       ||   116
       Ring mail         |       |   128 |   107 ||   235
Dodge: Dodged            |   130 |   186 |   103 ||   419
Block: Other             |       |    14 |    21 ||    35
